 Dungeon Crawl Stone Soup version 0.31.0-32-g396128a36d (webtiles) character file.

Game seed: 5168926760494981871

362 Alphaeus the Ruffian (level 6, -5/58 HPs)
             Began as a Troll Shapeshifter on Mar 19, 2024.
             Was an Initiate of Qazlal.
             Killed from afar by Blork the orc (8 damage)
             ... with a puff of flame
             ... on level 4 of the Dungeon.
             The game lasted 00:02:25 (2562 turns).

Alphaeus the Ruffian (Troll Shapeshifter)           Turns: 2562, Time: 00:02:26

Health: -5/58      AC:  4    Str: 25    XL:     6   Next: 39%
Magic:  5/5        EV:  9    Int:  6    God:    Qazlal [......]
Gold:   178        SH:  0    Dex:  9    Spells: 5/5 levels left

rFire   . .          .
                       - Unarmed
rCold   . . .        (no shield)
rNeg    . . .        a - +0 animal skin
rPois   .            (helmet currently unavailable)
rElec   .            (cloak currently unavailable)
rCorr   .            (gloves unavailable)
SInv    .            (boots unavailable)
Will    .....        (no amulet)
Stlth   +            (no ring)
HPRegen 1.09/turn    (no ring)
MPRegen 0.09/turn

%: no passive effects
@: beast-form
A: beast (slay +2), large, unfitting armour, claws 3, regeneration 1, shaggy fur
1, tough skin 1
a: Begin Untransformation, Renounce Religion


You were on level 4 of the Dungeon.
You worshipped Qazlal.
Qazlal was noncommittal.
You were a hulking beast.
You visited 1 branch of the dungeon, and saw 4 of its levels.

You collected 178 gold pieces.

Inventory:

Armour
 a - a +0 animal skin (worn)
Jewellery
 f - an amulet of the acrobat
 t - a ring of poison resistance
Talismans
 c - a beast talisman
 d - a flux talisman
Scrolls
 g - 4 scrolls of vulnerability {unknown}
 j - 3 scrolls of identify {unknown}
 k - 2 scrolls of fear {unknown}
 l - a scroll of blinking {unknown}
 n - a scroll of torment {unknown}
 o - a scroll of acquirement {unknown}
 q - 2 scrolls of revelation {unknown}
 r - a scroll of amnesia {unknown}
 s - a scroll of butterflies {unknown}
Potions
 b - a potion of lignification
 e - a potion of curing
 h - a potion of haste {unknown}
 i - a potion of heal wounds {unknown}
 m - a potion of degeneration {unknown}
 p - a potion of brilliance {unknown}


   Skills:
 + Level 2.3 Fighting
 - Level 1.5 Dodging
 * Level 5.1 Unarmed Combat
 * Level 4.8 Shapeshifting


You had 5 spell levels left.
You didn't know any spells.
Your spell library contained the following spells:

 Spells                   Type           Power      Damage    Failure   Level
 Apportation              Tloc           0%         N/A       45%         1
 Jinxbite                 Hex            0%         N/A       58%         2
 Alistair's Intoxication  Alch           0%         N/A       100%        5


Dungeon Overview and Level Annotations

Branches:
Dungeon (4/15)
 Temple: D:4-7

Altars:
Ashenzari
Qazlal

Annotations:
D:4 Blork the orc


Innate Abilities, Weirdness & Mutations

You are a hulking beast.
Your limbs bulge with bestial killing power. (Slay +2)
You are too large for most types of armour.
You have claws for hands.
Your natural rate of healing is unusually fast.
You are covered in fur. (AC +1)
You have tough skin. (AC +1)


Message History

Qazlal accepts your kill.
Blork the orc hits you from afar with a +0 halberd.
The orc hits you with a +0 falchion.
* * * LOW HITPOINT WARNING * * *
You claw the orc!
You kill the orc!
Qazlal accepts your kill.
Blork the orc hits you with a +0 halberd.
* * * LOW HITPOINT WARNING * * *
Things that are here:
13 gold pieces; a +0 falchion; a +0 flail You claw Blork the orc!
Blork the orc is moderately wounded.
Blork the orc casts a spell.
Blork the orc seems to speed up.
You barely miss Blork the orc.
Blork the orc is moderately wounded.
Blork the orc hits you with a +0 halberd!
* * * LOW HITPOINT WARNING * * *
Blork the orc hits you with a +0 halberd.
* * * LOW HITPOINT WARNING * * *
You closely miss Blork the orc.
Blork the orc is moderately wounded.
Blork the orc barely misses you.
An endoplasm comes into view.
The endoplasm quivers.
You claw Blork the orc!
Blork the orc is heavily wounded.
Blork the orc barely misses you.
You claw Blork the orc!
Blork the orc is almost dead.
Blork the orc grins evilly.
Blork the orc hits you with a +0 halberd.
* * * LOW HITPOINT WARNING * * *
Blork the orc closely misses you.
You scratch Blork the orc.
Blork the orc is almost dead.
Blork the orc casts a spell at you. The puff of flame hits you!
You die...

#.# #.## #..#
####..######
###.........#.
###.....#..#....
###....####..###..
###)...### #..#
##. #goh#### #..#
## ......### #..#
# ..<.. #..# #
.... #..# ... .. .


You could see Blork the orc (fast) and a goblin.

Vanquished Creatures
  The ghost of Dungobob the Covered, a weakling MiFi (D:3)
  2 hounds
  A bombardier beetle (D:3)
  An orc priest (D:3)
  3 orc wizards
  3 gnolls (D:4)
  3 adders
  A dart slug (D:2)
  A ribbon worm (D:3)
  8 orcs
  6 ball pythons
  3 endoplasms
  A giant cockroach (D:1)
  4 goblins
  3 hobgoblins
  6 jackals (D:2)
  7 kobolds
  A quokka (D:2)
  2 bats (D:3)
  2 frilled lizards
  6 rats
65 creatures vanquished.

Notes
Turn   | Place    | Note
-------+----------+-------------------------------------------
     0 | D:1      | Alphaeus the Troll Shapeshifter began the quest for the
                  | Orb.
     0 | D:1      | Reached XP level 1. HP: 18/18 MP: 0/0
   280 | D:1      | Reached skill level 1 in Fighting
   301 | D:1      | Reached XP level 2. HP: 27/27 MP: 1/1
  1052 | D:2      | Reached XP level 3. HP: 33/33 MP: 2/2
  1531 | D:3      | Reached XP level 4. HP: 35/41 MP: 3/3
  1535 | D:3      | Reached skill level 4 in Unarmed Combat
  1536 | D:3      | Found a broken altar of Ashenzari.
  1551 | D:3      | Reached XP level 5. HP: 9/49 MP: 4/4
  1684 | D:3      | Found a runed translucent door.
  1684 | D:3      | Noticed Dungobob's ghost (weakling MiFi)
  1730 | D:3      | Found a faded altar of an unknown god.
  2046 | D:3      | Killed Dungobob's ghost
  2178 | D:4      | Reached XP level 6. HP: 57/57 MP: 5/5
  2182 | D:4      | Found a stormy altar of Qazlal.
  2256 | D:4      | Became a worshipper of Qazlal Stormbringer
  2280 | D:4      | HP: 1/57 [gnoll/+0 halberd (8)]
  2290 | D:4      | HP: 1/57 [gnoll/+0 spear (8)]
  2298 | D:4      | Reached skill level 5 in Unarmed Combat
  2544 | D:4      | Noticed Blork the orc
  2561 | D:4      | HP: 2/58 [Blork the orc/+0 halberd (6)]
  2562 | D:4      | Killed from afar by Blork the orc

Illustrated notes

Levels and vault maps discovered:
D:1:      lemuel_arrival_broad_hall, layout_basic, minmay_tetromino_s2
D:2:      layout_basic
D:3:      layout_rooms, mainiacjoe_overflow_boulevard,
          hellmonk_ghost_happy_afterlife,
          shapermc_ecumenical_altar_mp_highgroup, grunt_ministairs_2,
          kennysheep_generic_room_9
D:4:      layout_cave_pods, mainiacjoe_overflow_small_starburst,
          lemuel_doored_altar, uniq_blork_the_orc

Skill      XL: |  1  2  3  4  5  6 |
---------------+-------------------+-----
Fighting       | 1 2 |  2.3
Unarmed Combat | 4 5 |  5.1
Shapeshifting  | 4 |  4.8
Dodging        | |  1.5

Action                     |  1- 3 |  4- 6 || total
---------------------------+-------+-------++-------
  Melee: Unarmed           |    67 |    99 ||   166
         Punch             |       |     6 ||     6
    Use: Potion            |       |     7 ||     7
 Armour: Animal skin       |    49 |    92 ||   141
  Dodge: Dodged            |    45 |    67 ||   112
